 Dungeon Crawl Stone Soup version 0.26-a0-579-g3afe4966bf (webtiles) character file.

Game seed: 7439781479442812253

3006 Conn the Magician (level 9, -2/54 HPs)
             Began as an Octopode Hedge Wizard on Aug 23, 2020.
             Was a Follower of Sif Muna.
             Slain by a wyvern (11 damage)
             ... on level 8 of the Dungeon.
             The game lasted 00:42:40 (13981 turns).

Conn the Magician (Octopode Hedge Wizard)          Turns: 13981, Time: 00:42:40

Health: -2/54      AC:  3    Str: 10      XL:     9   Next: 84%
Magic:  13/19      EV:  2    Int: 19      God:    Sif Muna [*.....]
Gold:   393        SH:  0    Dex:  0 (11) Spells: 11/22 levels left

rFire    + . .     SeeInvis .   a - +1 dagger (venom)
rCold    x . .     Faith    .   (no shield)
rNeg     . . .     Spirit   .   o - +2 hat
rPois    .         Reflect  .   (no amulet)
rElec    .         Harm     .   z - ring of flight
rCorr    .                      i - ring of attention
MR       .....                  m - ring of fire
Stlth    ..........             (no ring)
HPRegen  0.18/turn              (no ring)
MPRegen  0.16/turn              (no ring)
                                (no ring)
                                (no ring)

@: slowed, lost dexterity, very slow
A: almost no armour, stealthy swim, amphibious, 8 rings, constrict 8, camouflage
1, gelatinous body 1
a: Channel Magic, Renounce Religion, Evoke Flight


You were on level 8 of the Dungeon.
You worshipped Sif Muna.
Sif Muna was aware of your devotion.
You visited 2 branches of the dungeon, and saw 9 of its levels.

You collected 393 gold pieces.

Inventory:

Hand Weapons
 a - a +1 dagger of venom (weapon)
 c - a +0 dagger
Missiles
 f - 88 poisoned darts (quivered)
Armour
 o - a +2 hat (worn)
Magical Staves
 b - an uncursed staff of poison
Jewellery
 i - a ring of attention (right tentacle)
 m - a ring of fire (on tentacle)
 z - a ring of flight (left tentacle)
Wands
 g - a wand of digging (4)
 k - a wand of flame (23)
 B - a wand of random effects (19)
 E - a wand of polymorph (1)
 F - a wand of enslavement (9)
Scrolls
 d - 4 scrolls of identify
 e - a scroll of fear
 h - 7 scrolls of teleportation
 j - 7 scrolls of remove curse
 r - 2 scrolls of enchant weapon
 s - a scroll of immolation
Potions
 l - 2 potions of mutation {unknown}
 n - 2 potions of curing
 t - 2 potions of flight
 v - a potion of haste
 w - 3 potions of stabbing
 A - a potion of magic


   Skills:
 + Level 1.6 Fighting
 + Level 2.0 Short Blades
 + Level 1.0 Throwing
 + Level 4.1 Dodging
 + Level 5.9 Stealth
 * Level 7.3 Spellcasting
 * Level 3.9 Conjurations
 + Level 3.2 Summonings
 * Level 4.4 Translocations
 * Level 4.4 Fire Magic
 * Level 3.8 Air Magic
 + Level 0.4 Poison Magic
 + Level 0.4 Evocations


You had 11 spell levels left.
You knew the following spells:

 Your Spells              Type           Power        Failure   Level
a - Magic Dart            Conj           ###.         1%          1
b - Blink                 Tloc           N/A          2%          2
c - Call Imp              Summ           ###.....     3%          2
d - Conjure Flame         Conj/Fire      ####....     5%          3
e - Mephitic Cloud        Conj/Pois/Air  ###.....     10%         3

Your spell library contained the following spells:

 Spells                   Type           Power        Failure   Level
 Summon Small Mammal      Summ           ###.         2%          1
 Call Canine Familiar     Summ           ###.....     8%          3
 Animate Skeleton         Necr           #.....       10%         1
 Pain                     Necr           #...         10%         1
 Slow                     Hex            #.......     16%         2
 Summon Guardian Golem    Hex/Summ       ##......     16%         3
 Summon Lightning Spire   Summ/Air       ###.....     22%         4
 Vampiric Draining        Necr           #.........   30%         3
 Summon Ice Beast         Ice/Summ       ##......     45%         4
 Animate Dead             Necr           #.........   69%         4
 Agony                    Necr           #.......     95%         5


Dungeon Overview and Level Annotations

Branches:
Dungeon (8/15)             Temple (1/1) D:6
   Lair: D:8-11

Altars:
Ashenzari
Cheibriados
Dithmenos
Elyvilon
Fedhas
Hepliaklqana
Kikubaaqudgha
Nemelex Xobeh
Okawaru
Qazlal
Sif Muna
Trog
Uskayaw
Vehumet
Wu Jian
Xom
Yredelemnul
Zin
The Shining One

Annotations:
D:8 1 transporter, Maggie


Innate Abilities, Weirdness & Mutations

You cannot wear most types of armour.
You are very stealthy in the water. (Stealth+)
You are amphibious.
You can wear up to eight rings at the same time.
You can use your tentacles to constrict eight enemies at once.
Your skin changes colour to match your surroundings (Stealth+).
Your rubbery body absorbs attacks. (AC +1, EV +1)


Message History

A two-headed ogre comes into view. It is wielding two +0 giant clubs.
A hound comes into view.
The hound barks!
You hit the wyvern but do no damage.
The wyvern is poisoned.
You squeeze the wyvern!
The wyvern is moderately wounded.
The wyvern bites you! x2
Unknown command.
You hit the wyvern but do no damage.
The wyvern looks as sick as possible!
The wyvern is heavily wounded.
The wyvern bites you!
* * * LOW HITPOINT WARNING * * *
Unknown command.
Casting: Magic Dart (safe; 1% risk of failure)
Confirm with . or Enter, or press ? or * to list all spells.
Okay, then.
Unknown command.
Unknown command.
The wyvern bites you!
You die...

./.....#.. #......#.# #......'.
. #......# ..
#.O....#.......#.###
#......'............ ..
#..h...##...........
..###.l.................
...........@###.............
............................
#...........................
####...........................
#..............................
#.........................##...
#..............................
#.......................##.....
#..............................


You could see a two-headed ogre, a wyvern (confused, very poisoned) and a hound.

Vanquished Creatures
  Maurice (D:8)
  A wyvern (D:8)
  Menkaure (D:7)
  An orc warrior (D:7)
  An ice beast (D:8)
  2 ogres
  2 big kobolds
  A bullfrog (D:7)
  A water moccasin zombie (D:5)
  2 scorpions
  A bullfrog zombie (D:7)
  A quasit (D:7)
  A jelly (D:6)
  A gnoll shaman (D:3)
  2 orc priests
  4 hounds
  Terence (D:3)
  4 iguanas
  5 worker ants
  5 orc wizards
  A hound skeleton (D:3)
  5 gnolls (D:4)
  15 adders
  A shadow imp (D:6)
  A white imp (D:5)
  2 ufetubi
  7 oozes
  An adder skeleton (D:3)
  A worm (D:5)
  3 dart slugs
  4 leopard geckos
  19 orcs
  5 giant cockroaches
  3 goblins
  8 hobgoblins
  14 jackals
  4 quokkas
  2 ball pythons
  4 bats
  4 frilled lizards
  A jackal skeleton (D:8)
  14 kobolds
  6 rats
163 creatures vanquished.

Vanquished Creatures (collateral kills)
  A two-headed ogre (D:7)
  An ice beast (D:5)
  An ogre (D:4)
  Blork the orc (D:6)
  A scorpion (D:4)
  A quasit (D:7)
  An orc wizard (D:5)
  The ghost of hab5 the Sneak, a weakling SpEn of Dithmenos (D:3)
  2 hounds
  6 jellies
  A worker ant (D:5)
  2 adders
  2 gnolls (D:4)
  2 ufetubi
  A worm (D:2)
  A leopard gecko (D:5)
  2 orcs (D:2)
  A giant cockroach (D:4)
  A goblin (D:2)
  2 jackals (D:3)
  A kobold (D:5)
32 creatures vanquished.

Vanquished Creatures (others)
  4 fungi (D:6)
  2 plants (D:4)
  10 toadstools (D:6)
16 creatures vanquished.

Grand Total: 211 creatures vanquished

Notes
Turn   | Place    | Note
-------+----------+-------------------------------------------
     0 | D:1      | Conn the Octopode Hedge Wizard began the quest for the Orb.
     0 | D:1      | Reached XP level 1. HP: 11/11 MP: 4/4
   251 | D:1      | Reached XP level 2. HP: 16/17 MP: 4/6
   778 | D:2      | Learned a level 2 spell: Blink
   781 | D:2      | Learned a level 2 spell: Call Imp
   845 | D:2      | Reached XP level 3. HP: 19/21 MP: 5/8
  1539 | D:2      | Found a shimmering altar of Xom.
  1824 | D:2      | Reached XP level 4. HP: 15/27 MP: 4/9
  2835 | D:3      | Noticed Terence
  2839 | D:3      | Found a transporter.
  2841 | D:3      | Found a transporter.
  2841 | D:3      | Noticed hab5's ghost (weakling SpEn)
  2866 | D:3      | Killed Terence
  3036 | D:3      | Reached XP level 5. HP: 31/31 MP: 10/10
  3190 | D:3      | Learned a level 3 spell: Conjure Flame
  3194 | D:3      | Learned a level 3 spell: Mephitic Cloud
  3275 | D:3      | Reached skill level 4 in Spellcasting
  3280 | D:3      | Killed hab5's ghost
  3411 | D:3      | HP: 2/46 [poisoned by an adder]
  3715 | D:4      | Noticed an ogre
  3732 | D:3      | Reached skill level 1 in Fire Magic
  3947 | D:4      | Reached XP level 6. HP: 14/36 MP: 6/12
  4718 | D:4      | Found a radiant altar of Vehumet.
  4860 | D:4      | Reached skill level 1 in Air Magic
  4942 | D:4      | Reached XP level 7. HP: 42/42 MP: 8/14
  5137 | D:5      | Entered Level 5 of the Dungeon
  5222 | D:5      | Reached skill level 1 in Short Blades
  5452 | D:6      | Reached skill level 5 in Spellcasting
  5672 | D:6      | Noticed Blork the orc
  6335 | D:6      | Noticed a slime creature
  6335 | D:6      | Noticed a slime creature
  6336 | D:6      | Noticed a slime creature
  6567 | D:6      | Reached XP level 8. HP: 13/47 MP: 6/16
  7270 | D:6      | Found a staircase to the Ecumenical Temple.
  7285 | Temple   | Entered the Ecumenical Temple
  7417 | Temple   | Became a worshipper of Sif Muna the Loreminder
  8691 | D:5      | Reached skill level 1 in Fighting
  8696 | D:5      | Reached skill level 5 in Stealth
  9757 | D:5      | Reached skill level 6 in Spellcasting
 10766 | D:6      | Killed Blork the orc
 11024 | D:7      | Noticed Menkaure
 11029 | D:7      | Killed Menkaure
 11228 | D:7      | Reached skill level 1 in Throwing
 11231 | D:7      | Reached XP level 9. HP: 30/53 MP: 8/18
 11423 | D:7      | Reached * piety under Sif Muna
 12048 | D:7      | Lost dexterity.
 12717 | D:7      | Noticed a two-headed ogre
 12729 | D:7      | Killed a two-headed ogre
 13071 | D:8      | Noticed Maurice
 13086 | D:8      | Killed Maurice
 13086 | D:8      | Reached skill level 7 in Spellcasting
 13587 | D:8      | Found a transporter.
 13609 | D:8      | Noticed Maggie
 13978 | D:8      | Noticed a two-headed ogre
 13981 | D:8      | Slain by a wyvern

Illustrated notes

Levels and vault maps discovered:
D:1:      psy_arrival_dodecagon, layout_loops_ring, serial_bayou_lagoon_b
D:2:      layout_basic, tgw_xom
D:3:      layout_rooms, gammafunk_ghost_mausoleum, uniq_terence
D:4:      layout_cave_pools, vehumet_crystals, serial_bayou_pond_b,
          chequers_serial_rivers_micro_d
D:5:      layout_layer_cave, minmay_between
D:6:      cheibrodos_fertilizer, layout_rooms, minmay_temple_entry_proselytizer,
          uniq_blork_the_orc
D:7:      layout_basic, minmay_puff, uniq_menkaure
D:8:      layout_basic, gammafunk_ghost_arena, uniq_maurice, uniq_maggie
Temple:   kilobyte_greek_temple

Skill      XL: |  1  2  3  4  5  6  7  8  9 |
---------------+----------------------------+-----
Stealth        | 3 4 5 |  5.9
Spellcasting   | 4 5 6 7 |  7.3
Fire Magic     | 1 2 3 4 |  4.4
Translocations | 2 3 4 |  4.4
Air Magic      | 1 2 3 |  3.8
Short Blades   | 1 2 |  2.0
Conjurations   | 2 3 |  3.9
Summonings     | 2 3 |  3.2
Dodging        | 3 4 |  4.1
Fighting       | 1 |  1.6
Throwing       | 1 |  1.0
Poison Magic   | |  0.4
Evocations     | |  0.4

Action                   |  1- 3 |  4- 6 |  7- 9 || total
-------------------------+-------+-------+-------++-------
Melee: Dagger            |    42 |    99 |   291 ||   432
       Constrict         |    11 |    26 |    51 ||    88
       Tentacles         |     9 |    15 |    51 ||    75
       Unarmed           |     1 |       |       ||     1
Throw: Dart              |     5 |     1 |    12 ||    18
 Cast: Magic Dart        |    33 |    62 |    92 ||   187
       Call Imp          |     4 |    14 |    75 ||    93
       Blink             |       |     3 |    20 ||    23
       Mephitic Cloud    |       |       |    16 ||    16
       Conjure Flame     |       |       |     1 ||     1
Evoke: Wand              |       |       |     8 ||     8
  Use: Scroll            |     1 |     1 |    14 ||    16
       Potion            |       |     2 |    13 ||    15
 Stab: Sleeping          |     4 |     1 |    10 ||    15
       Confused          |       |       |     2 ||     2
       Distracted        |       |       |     1 ||     1
Armor: Skin              |     1 |    22 |    48 ||    71
Dodge: Dodged            |    25 |    74 |   223 ||   322

Table legend: (Time is in decaauts)
 A = Elapsed time spent in this place.
 B = Non-inter-level travel time spent in this place.
 C = Inter-level travel time spent in this place.
 D = Time resting spent in this place.
 E = Time spent auto-exploring this place.
 F = Levels seen in this place.
 G = Mean time per level.
                   A        B        C        D        E       F      G
               +--------+--------+--------+--------+--------+-----+--------+
         Total |  14900 |  14684 |    216 |   5029 |   6270 |   9 | 1655.6 |
       Dungeon |  14733 |  14551 |    182 |   5029 |   6148 |   8 | 1841.6 |
        Temple |    166 |    132 |     34 |      0 |    122 |   1 |  166.0 |
               +--------+--------+--------+--------+--------+-----+--------+

Top non-repeatable levels by time:
     D:6: 3473 daAuts
     D:5: 2585 daAuts
     D:7: 2220 daAuts
     D:3: 1957 daAuts
     D:2: 1642 daAuts
     D:8: 1274 daAuts
     D:4: 815 daAuts
     D:1: 765 daAuts
  Temple: 166 daAuts
